 Dungeon Crawl Stone Soup version 0.26-a0-639-g72c4674329 (webtiles) character file.

Game seed: 14198844745150109012

314 Borgoz the Skirmisher (level 6, 0/39 HPs)
             Began as a Gargoyle Berserker on Sept 19, 2020.
             Was a Priest of Trog.
             Slain by an adder zombie (2 damage)
             ... in an ossuary.
             The game lasted 00:03:34 (2951 turns).

Borgoz the Skirmisher (Gargoyle Berserker)          Turns: 2951, Time: 00:03:35

Health: 0/39       AC: 12    Str: 20      XL:     6   Next: 43%
Magic:  6/6        EV: 10    Int:  8      God:    Trog [***...]
Gold:   179        SH:  0    Dex:  8 (11) Spells: 5/5 levels left

rFire    . . .     SeeInvis .   a - +0 mace
rCold    . . .     Faith    .   (no shield)
rNeg     + . .     Spirit   .   g - +1 scale mail
rPois    ∞         Reflect  .   (no helmet)
rElec    +         Harm     .   (no cloak)
rCorr    .         Rampage  .   (no gloves)
MR       .....                  (no boots)
Stlth    ..........             (no amulet)
HPRegen  0.13/turn              (no ring)
MPRegen  0.10/turn              (no ring)

@: berserk cooldown, flying, slowed, very slow
A: negative energy resistance 1, electricity resistance, unbreathing,
petrification resistance, rot immunity, AC +4
a: Berserk, Trog's Hand, Renounce Religion


You were in an ossuary.
You worshipped Trog.
Trog was most pleased with you.
You visited 1 branch of the dungeon, and saw 4 of its levels.
You also visited: Ossuary.

You collected 179 gold pieces.

Inventory:

Hand Weapons
 a - a +0 mace (weapon)
Armour
 g - a +1 scale mail (worn)
Jewellery
 b - an uncursed ring of ice
 k - a +6 ring of dexterity {unknown}
Wands
 n - a wand of polymorph (9)
Scrolls
 c - a scroll of enchant armour
 d - a scroll of teleportation {unknown}
 f - 2 scrolls of remove curse
 i - a scroll of magic mapping
Potions
 h - a potion of flight
 m - a potion of cancellation


   Skills:
 + Level 4.7 Fighting
 + Level 4.3 Maces & Flails
 + Level 4.1 Armour
 + Level 2.9 Dodging


You had 5 spell levels left.
You didn't know any spells.
Your spell library was empty.

Dungeon Overview and Level Annotations

Branches:
Dungeon (4/15)             Temple (0/1) D:4         Ossuary (1/1)

Altars:
Gozag
Okawaru
Qazlal
Trog
Wu Jian
Xom
The Shining One


Innate Abilities, Weirdness & Mutations

You are resistant to torment.
Your stone body is resilient. (AC +4)
You are immune to poison.
You resist negative energy. (rN+)
You are resistant to electric shocks. (rElec)
You can survive without breathing.
You are immune to petrification.
You are immune to rotting.


Message History

The adder zombie bites you but does no damage.
The elf zombie hits you but does no damage.
The orc zombie hits you but does no damage.
The elf zombie hits you but does no damage.
The jackal zombie bites you but does no damage.
The elf zombie barely misses you.
The adder zombie bites you but does no damage.
The gnoll zombie hits you but does no damage.
The jackal zombie misses you.
You sock the elf zombie!
The elf zombie is moderately damaged.
The jackal zombie barely misses you.
The jackal zombie bites you but does no damage.
The adder zombie closely misses you. The elf zombie barely misses you.
The orc zombie closely misses you.
The elf zombie hits you but does no damage.
The gnoll zombie closely misses you.
The elf zombie hits you but does no damage.
The jackal zombie closely misses you. x2; The adder zombie bites you.
You die...

...............
...............
...............
...............
...............
.......Z.......
......ZZZ......
.....ZZ@Z......
......ZZZ......
.......Z.......
...............
...............
...............
...............
...............


You could see an adder zombie, 2 jackal zombies, a hobgoblin zombie, a gnoll
zombie, a big kobold zombie, 2 orc zombies and 3 elf zombies.

Vanquished Creatures
  An elf zombie (Ossuary)
  A hound (D:4)
  A quasit (D:3)
  A mummy (D:4)
  3 gnolls (D:3)
  6 adders
  An ooze (D:2)
  3 worms
  3 dart slugs (D:2)
  2 leopard geckos
  An orc (D:3)
  8 bats
  3 giant cockroaches
  10 hobgoblins
  5 jackals (D:3)
  7 kobolds
  2 ball pythons (D:3)
  7 goblins
  13 rats
78 creatures vanquished.

Notes
Turn   | Place    | Note
-------+----------+-------------------------------------------
     0 | D:1      | Borgoz the Gargoyle Berserker began the quest for the Orb.
     0 | D:1      | Reached XP level 1. HP: 14/14 MP: 1/1
     2 | D:1      | Noticed a tengu
     2 | D:1      | Noticed a troll
     4 | D:1      | Noticed a ghoul
     4 | D:1      | Noticed a felid
     6 | D:1      | Noticed a vampire
     8 | D:1      | Noticed a halfling
    10 | D:1      | Noticed a merfolk
    10 | D:1      | Noticed a vine stalker
    12 | D:1      | Noticed a dwarf
    12 | D:1      | Noticed a demonspawn
    14 | D:1      | Noticed a human
    14 | D:1      | Noticed a gargoyle
    16 | D:1      | Noticed a naga
    16 | D:1      | Noticed an ogre
    18 | D:1      | Noticed a spriggan
    18 | D:1      | Noticed a formicid
    20 | D:1      | Noticed a centaur
    22 | D:1      | Noticed an octopode
    22 | D:1      | Noticed a demigod
    24 | D:1      | Noticed an elf
    24 | D:1      | Noticed a draconian
    26 | D:1      | Noticed a minotaur
   255 | D:1      | Reached XP level 2. HP: 19/19 MP: 2/2
   806 | D:2      | Reached XP level 3. HP: 21/24 MP: 3/3
   865 | D:2      | Reached ** piety under Trog
  1067 | D:2      | Reached XP level 4. HP: 29/29 MP: 4/4
  1693 | D:3      | Found a bloodstained altar of Trog.
  1694 | D:3      | Found a glowing golden altar of the Shining One.
  1694 | D:3      | Found a shimmering altar of Xom.
  1695 | D:3      | Found a stormy altar of Qazlal.
  1695 | D:3      | Found an ornate altar of the Wu Jian Council.
  1696 | D:3      | Found an iron altar of Okawaru.
  1786 | D:3      | Reached XP level 5. HP: 33/33 MP: 5/5
  1859 | D:3      | Found an opulent altar of Gozag.
  2347 | D:3      | Reached *** piety under Trog
  2878 | D:4      | Reached XP level 6. HP: 29/39 MP: 6/6
  2906 | D:4      | Found a sand-covered staircase.
  2920 | Ossuary  | Entered an ossuary
  2951 | Ossuary  | Slain by an adder zombie

Illustrated notes

Levels and vault maps discovered:
D:1:      kb_arrival_jail, layout_loops_ring
D:2:      layout_basic
D:3:      layout_basic, grunt_gozag_breadcrumbs, grunt_temple_overflow_open
D:4:      layout_basic, minmay_temple_entry_mini_moons,
          gup_ossuary_entry_pyramid, moated_statue, minmay_checkerbox
Ossuary:  ossuary_minmay_tomb_2a

Skill      XL: |  1  2  3  4  5  6 |
---------------+-------------------+-----
Dodging        | 2 |  2.9
Armour         | 3 4 |  4.1
Fighting       | 4 |  4.7
Maces & Flails | 4 |  4.3

Action                   |  1- 3 |  4- 6 || total
-------------------------+-------+-------++-------
Melee: Mace              |   101 |   196 ||   297
Invok: Berserk           |       |     3 ||     3
       Trog's Hand       |       |     1 ||     1
  Use: Scroll            |       |     7 ||     7
       Potion            |       |     1 ||     1
Armor: Animal skin       |     4 |       ||     4
       Ring mail         |     4 |       ||     4
       Scale mail        |    51 |   245 ||   296
Dodge: Dodged            |    85 |   233 ||   318

Table legend: (Time is in decaauts)
 A = Elapsed time spent in this place.
 B = Non-inter-level travel time spent in this place.
 C = Inter-level travel time spent in this place.
 D = Time resting spent in this place.
 E = Time spent auto-exploring this place.
 F = Levels seen in this place.
 G = Mean time per level.
                   A        B        C        D        E       F      G
               +--------+--------+--------+--------+--------+-----+--------+
         Total |   3026 |   2831 |    195 |    104 |   2059 |   5 |  605.2 |
       Dungeon |   2993 |   2798 |    195 |    104 |   2059 |   4 |  748.2 |
       Ossuary |     33 |     33 |      0 |      0 |      0 |   1 |   33.0 |
               +--------+--------+--------+--------+--------+-----+--------+

Top non-repeatable levels by time:
     D:3: 1215 daAuts
     D:2: 1011 daAuts
     D:1: 715 daAuts
     D:4: 51 daAuts
 Ossuary: 33 daAuts
